 Dungeon Crawl Stone Soup version 0.29.0-10-g45618ea6d2 (webtiles) character file.

Game seed: 10225637502126782503

228 Arum the Covered (level 6, -7/50 HPs)
             Began as a Formicid Fighter on Sept 1, 2022.
             Killed by divine providence
             ... invoked by an orc priest
              (14 damage)
             ... on level 3 of the Dungeon.
             The game lasted 00:02:39 (2832 turns).

Arum the Covered (Formicid Fighter)                 Turns: 2832, Time: 00:02:40

Health: -7/50      AC: 13    Str: 23    XL:     6   Next: 22%
Magic:  6/6        EV:  7    Int:  7    God:
Gold:   140        SH:  5    Dex: 13    Spells: 5/5 levels left

rFire   + . .      SeeInvis +   a - +0 war axe
rCold   . . .      Faith    .   c - +0 buckler
rNeg    . . .      Spirit   .   h - +2 chain mail {rF+}
rPois   .          Reflect  .   (helmet unavailable)
rElec   .          Harm     .   (no cloak)
rCorr   .          Rampage  .   (no gloves)
Will    .....                   t - +0 pair of boots
Stlth   ..........              j - amulet of the acrobat
HPRegen 0.16/turn               (no ring)
MPRegen 0.10/turn               (no ring)

@: no status effects
A: permanent stasis, dig shafts and tunnels, antennae 3, four strong arms
a: Dig, Shaft Self


You were on level 3 of the Dungeon.
You visited 1 branch of the dungeon, and saw 3 of its levels.

You collected 140 gold pieces.

Inventory:

Hand Weapons
 a - a +0 war axe (weapon)
Missiles
 f - 6 javelins
Armour
 c - a +0 buckler (worn)
 h - a +2 chain mail of fire resistance (worn)
 t - a +0 pair of boots (worn)
Jewellery
 j - an amulet of the acrobat (around neck)
Wands
 r - a wand of paralysis (9)
Scrolls
 e - a scroll of blinking {unknown}
 g - a scroll of silence {unknown}
 k - a scroll of teleportation {unknown}
 l - a scroll of brand weapon {unknown}
 n - a scroll of enchant weapon {unknown}
 o - a scroll of immolation {unknown}
 p - a scroll of amnesia {unknown}
Potions
 b - a potion of mutation {unknown}
 d - a potion of might
 i - 3 potions of curing {unknown}
 m - a potion of lignification {unknown}
 q - a potion of brilliance {unknown}
 s - a potion of haste {unknown}


   Skills:
 + Level 4.8 Fighting
 + Level 3.8 Axes
 + Level 4.9 Armour
 - Level 4.0 Shields


You had 5 spell levels left.
You didn't know any spells.
Your spell library contained the following spells:

 Spells                   Type           Power      Damage    Failure   Level
 Frozen Ramparts          Ice            0%         1d1       100%        3
 Ice Form                 Ice/Tmut       0%         N/A       100%        4
 Summon Ice Beast         Ice/Summ       0%         N/A       100%        4
 Fireball                 Conj/Fire      0%         3d3       100%        5
 Iskenderun's Battlesphe  Conj           0%         2d6       100%        5
 Conjure Ball Lightning   Conj/Air       0%         3x3d6     100%        6
 Orb of Destruction       Conj           0%         9d5       100%        7


Dungeon Overview and Level Annotations

Branches:
Dungeon (3/15)

Altars:

Shops:
D:2 (


Innate Abilities, Weirdness & Mutations

You cannot be hasted, slowed, berserked, paralysed or teleported.
You can dig through walls and to a lower floor.
You have a pair of large antennae on your head. (SInv)
Your four strong arms can wield two-handed weapons with a shield.


Message History

You are too injured to fight recklessly!
You are too injured to fight recklessly!
You are too injured to fight recklessly!
You are too injured to fight recklessly!
You are too injured to fight recklessly!
You are too injured to fight recklessly!
You are too injured to fight recklessly!
You are too injured to fight recklessly!
You barely miss the orc.
The orc is almost dead.
You block the orc's attack. The orc hits you but does no damage.
You slash the orc!
You kill the orc!
You barely miss the orc.
The orc priest calls down the wrath of Beogh upon you.
Beogh smites you!
* * * LOW HITPOINT WARNING * * *
The orc barely misses you.
You barely miss the orc. The orc hits you with a +0 mace.
* * * LOW HITPOINT WARNING * * *
The orc hits you but does no damage.
You hit the orc but do no damage. The orc closely misses you.
You hit the orc.
The orc is lightly wounded.
The orc hits you with a +0 mace.
* * * LOW HITPOINT WARNING * * *
You barely miss the orc.
The orc is lightly wounded.
You block the orc's attack. x2
You slash the orc!
You kill the orc!
You slash the orc!
You kill the orc!
You closely miss the orc priest.
The orc priest hits you but does no damage. x2
You slash the orc priest!
The orc priest is almost dead.
The orc priest invokes the aid of Beogh against you.
Beogh smites you!
You die...

#.# { #.# #.#
##.#####.# .#
##.........
....#..)..###.#
#......##
#####.## #@#
#o# #'# ... ...
..... .....
.......


You could see an orc priest.

Vanquished Creatures
  An orc priest (D:3)
  Jessica (D:2)
  Natasha (twice) (D:2)
  2 orc wizards (D:3)
  2 adders (D:2)
  A worm (D:2)
  6 orcs (D:3)
  3 endoplasms
  3 giant cockroaches
  4 goblins
  4 hobgoblins
  5 ball pythons
  5 bats
  2 frilled lizards
  5 kobolds
  7 rats
53 creatures vanquished.

Notes
Turn   | Place    | Note
-------+----------+-------------------------------------------
     0 | D:1      | Arum the Formicid Fighter began the quest for the Orb.
     0 | D:1      | Reached XP level 1. HP: 18/18 MP: 1/1
   142 | D:1      | Reached XP level 2. HP: 13/24 MP: 2/2
  1043 | D:2      | Found Hugigog's Antique Weapon Boutique.
  1053 | D:2      | Reached XP level 3. HP: 30/30 MP: 3/3
  1091 | D:2      | Noticed Natasha
  1094 | D:2      | Killed Natasha
  1122 | D:2      | Reached XP level 4. HP: 35/37 MP: 4/4
  1126 | D:2      | Noticed Natasha
  1134 | D:2      | Killed Natasha
  1408 | D:2      | Noticed Jessica
  1437 | D:2      | Killed Jessica
  1438 | D:2      | Reached XP level 5. HP: 3/43 MP: 5/5
  2547 | D:3      | Reached XP level 6. HP: 44/48 MP: 6/6
  2832 | D:3      | Killed from afar by an orc priest

Illustrated notes

Levels and vault maps discovered:
D:1:      roderic_crop_circles_arrival_small, layout_basic
D:2:      layout_basic, serial_shops, shop, kennysheep_generic_room_16,
          uniq_natasha, uniq_jessica
D:3:      layout_loops_corners, lemuel_doored_altar, serial_shops, shop

Skill      XL: |  1  2  3  4 |
---------------+-------------+-----
Fighting       | 4 |  4.8
Armour         | 4 |  4.9
Axes           | 3 |  3.8
Shields        | |  4.0

Action                   |  1- 3 |  4- 6 || total
-------------------------+-------+-------++-------
Melee: War axe           |    49 |   118 ||   167
 Abil: Dig               |     1 |     2 ||     3
Armor: Scale mail        |    15 |       ||    15
       Chain mail        |    12 |    63 ||    75
Dodge: Dodged            |    23 |    46 ||    69
Block: Buckler           |    15 |    26 ||    41
